Cogmind - Beta 17.1 @@@ ROGUE MODE // 2026.08.24 @ 19:53:21 Player: Scuttle Result: Destroyed by 7U-CSW(R) with Subdweller Beam Cannon Performance ------------- Evolutions (0) 0 Regions Visited (3) 600 Robots Destroyed (25) 125 Value Destroyed (814) 814 Prototype IDs (5) 100 Alien Tech Used (0) 0 Bonus (60) 60 TOTAL SCORE: 1699 Bonus ------- Follower Combat Kills 60 Cogmind --------- Core Integrity 0/250 Matter 300/300 Energy 96/100 System Corruption 0% Temperature Cool (9) Movement Core (100) Ox1 Location -10/Subcaves Parts ------- > --- POWER (1) -------- (None) > --- PROPULSION (2) --- (None) > --- UTILITY (2) ------ Improved Heat Sink Light Armor Plating > --- WEAPON (2) ------- Small Laser > --- INVENTORY (5) ---- Huge Storage Unit Trap Extractor (0/4) Trap Extractor (0/4) Datajack Peak State ------------ > --- POWER ------------ Light Nuclear Core > --- PROPULSION ------- Light Treads Light Treads > --- UTILITY ---------- Improved Heat Sink Medium Storage Unit > --- WEAPON ----------- Particle Gun Shotgun > --- INVENTORY -------- Ion Engine Huge Storage Unit Light Armor Plating Trap Extractor Trap Extractor Small Laser Shotgun Shotgun Grenade Launcher Datajack [Rating: 14] Favorites ----------- Power Light Nuclear Core Engine Light Ion Engine Power Core Light Nuclear Core Propulsion Light Treads Treads Light Treads Utility Medium Storage Unit Device Heat Sink Storage Medium Storage Unit Protection Light Armor Plating Weapon Shotgun Energy Gun Small Laser Ballistic Gun Shotgun Launcher Grenade Launcher Build | -11 -10 -10 -10 ------- Run | Yrd Mat Min Sub Slots Evolved . | . . . . Power . | . . . . Propulsion . | . . . . Utility . | . . . . Weapon . | . . . . Parts Attached 20 | 5 9 4 2 Power 4 | 1 2 . 1 Engine 2 | 1 . . 1 Core 2 | . 2 . . Reactor . | . . . . Propulsion 3 | 2 1 . . Treads 3 | 2 1 . . Leg . | . . . . Wheel . | . . . . Hover . | . . . . Flight . | . . . . Utility 6 | . 4 1 1 Device 3 | . 2 1 . Storage 2 | . 2 . . Processor . | . . . . Hackware . | . . . . Protection 1 | . . . 1 Artifact . | . . . . Weapon 7 | 2 2 3 . Energy Gun 4 | 2 . 2 . Energy Cannon . | . . . . Ballistic Gun 2 | . 2 . . Ballistic Cannon . | . . . . Launcher 1 | . . 1 . Special Weapon . | . . . . Impact Weapon . | . . . . Slashing Weapon . | . . . . Piercing Weapon . | . . . . Special Melee Weapon . | . . . . Unidentified Prototypes . | . . . . Parts Lost 6 | . 1 . 5 Power 2 | . . . 2 Propulsion 2 | . . . 2 Utility 1 | . 1 . . Weapon 1 | . . . 1 Highest Loss Streak 4 | . 1 . 4 To Critical Strikes 1 | . . . 1 Average Backups 7 | . 7 7 6 Power 1 | . 1 1 . Propulsion . | . . . . Utility 3 | . 2 4 3 Weapon 2 | . 2 1 . Tool/Special . | . . . . Unused Backups 6 | . . 2 4 Power . | . . . . Propulsion . | . . . . Utility 3 | . . . 3 Weapon 2 | . . 2 . Tool/Special 1 | . . . 1 Average Slot Usage (%) 96 | . 96 100 93 Engine 2 | . 2 . 4 Core 10 | . 11 14 4 Treads 27 | . 27 28 26 Device 12 | . 11 14 14 Storage 13 | . 12 14 13 Energy Gun 13 | . 5 24 27 Ballistic Gun 14 | . 22 2 . Peak Build Rating 14 | 5 12 14 12 Average Rating 10 | 3 10 12 10 On Entrance 7 | . 5 12 12 Avg Prop Armor Cover (%) . | . . . . Naked Turns . | . . . . Heaviest Build 22 | 5 22 22 20 Greatest Support 40 | 40 40 40 40 Greatest Overweight (x) 1 | . 1 . . Average Overweight (x) . | . . . . Largest Inventory Capacity 10 | 5 10 10 10 Average Capacity 9 | 5 9 10 9 Most Carried 10 | 1 10 10 7 Average Carried 7 | . 8 7 6 Final Capacity 10 | 5 10 10 5 Final Carried 10 | 1 10 7 4 Class Distribution -------------------- 67% | Mutant 32% | Scavenger-Mutant Dominant Class ---------------- Mutant | -10/Materials Scavenger-Mutant | -10/Mines Scavenger-Mutant | -10/Subcaves Resources | -11 -10 -10 -10 ----------- Run | Yrd Mat Min Sub Matter Collected 761 | 73 552 124 12 Remotely . | . . . . Salvage Created 834 | . 751 54 29 Parts 33 | . 29 3 1 Haulers Intercepted 2 | . 2 . . Recyclers Shooed 2 | . 2 . . Parts Field Recycled . | . . . . Retrieved Matter . | . . . . Parts Self-Destructed 7 | . . . 7 Prevented . | . . . . Parts Restored . | . . . . Kills | -11 -10 -10 -10 ------- Run | Yrd Mat Min Sub Combat Hostiles Destroyed 21 | . 18 2 1 Guns 20 | . 18 1 1 AOE 1 | . . 1 . Classes Destroyed 5 | . 4 . 1 Worker 1 | . 1 . . Tunneler 1 | . 1 . . Hauler 2 | . 2 . . Grunt 20 | . 18 2 . Subdweller 1 | . . . 1 Best Kill Streak 4 | . 4 2 1 Combat Bots Only 3 | . 3 2 1 Max Kills in Single Turn 1 | . 1 1 1 Gunslinging . | . . . . Exploded 1 | . . 1 . Melee . | . . . . Uniques/NPCs Destroyed . | . . . . Combat | -11 -10 -10 -10 -------- Run | Yrd Mat Min Sub Hostile Shots Fired 117 | . 85 5 27 Missed 32 | . 24 1 7 Hits 85 | . 61 4 20 Projectile 85 | . 61 4 20 AOE 3 | . . . 3 Critical Strikes 4 | . 1 . 3 Damage Taken 1431 | . 832 57 542 Core 251 | . 120 17 114 Absorbed by Shields . | . . . . Regen/Repaired (Parts) 117 | . 117 . . Core Remaining (%) 100 | 100 . . . Volleys Fired 89 | . 69 3 17 Largest 2 | . 2 2 2 Hottest 105 | . 80 46 105 Shots Fired 170 | . 137 4 29 Gun 168 | . 137 2 29 Cannon . | . . . . Launcher 2 | . . 2 . Special . | . . . . Kinetic 78 | . 76 2 . Thermal 90 | . 61 . 29 Explosive 2 | . . 2 . Electromagnetic . | . . . . Robot Hit Streak 11 | . 11 8 7 Robot Miss Streak 5 | . 5 . 2 Penetration Max . | . . . . Secondary Targets 3 | . 3 . . Max Gunslinging Chain 1 | . 1 . . Shots Hit Robots 131 | . 106 3 22 Core Hits 53 | . 44 5 4 Critical Kills 1 | . 1 . . Critical Parts Destroyed 1 | . 1 . . Critical Strikes 2 | . 2 . . Destroy 2 | . 2 . . Melee Attacks . | . . . . Impact . | . . . . Slashing . | . . . . Piercing . | . . . . Sneak Attacks . | . . . . Combat Hostiles . | . . . . Follow-up Attacks . | . . . . Damage Inflicted 2076 | . 1593 193 290 Guns 1737 | . 1411 36 290 Cannons . | . . . . Explosions 324 | . 167 157 . Melee . | . . . . Ramming 15 | . 15 . . Kinetic 972 | . 936 36 . Thermal 932 | . 642 . 290 Explosive 157 | . . 157 . Electromagnetic . | . . . . Impact . | . . . . Slashing . | . . . . Piercing . | . . . . Highest Corruption . | . . . . Average Corruption . | . . . . Corruption Purged . | . . . . Corruption Blocked . | . . . . Overload Shots . | . . . . Overflow Damage 87 | . 87 . . Projectiles . | . . . . Explosions 87 | . 87 . . Melee . | . . . . Knockbacks . | . . . . Impact . | . . . . Kinetic . | . . . . Secondary . | . . . . Self-Inflicted Damage 100 | . 100 . . Shots 1 | . 1 . . Rammed 5 | . 5 . . Targets Rammed 6 | . 6 . . Kicked . | . . . . Crushed 1 | . 1 . . Highest Temperature 263 | . 222 2 263 Average Temperature 98 | . 95 2 148 Received Heat Transfer 807 | . 420 30 357 Siege Activations . | . . . . Martial Activations . | . . . . Shielding Activations . | . . . . Robots Disrupted . | . . . . Combat Hostiles . | . . . . Robots Corrupted . | . . . . Combat Hostiles . | . . . . Parts Fried . | . . . . Impact Corruptions . | . . . . Robots Melted . | . . . . Combat Hostiles . | . . . . Parts Melted 2 | . 2 . . Heat Transferred 1846 | . 1175 . 671 Parts Sabotaged . | . . . . Parts Stolen . | . . . . Parts Stripped . | . . . . Power Chain Reactions . | . . . . Alert | -11 -10 -10 -10 ------- Run | Yrd Mat Min Sub Maximum Alert Level 1 | . 1 . . Low Security (%) 97 | 100 97 100 . Level 1 2 | . 2 . . Level 2 . | . . . . Level 3 . | . . . . Level 4 . | . . . . Level 5 . | . . . . High Security . | . . . . Max Security . | . . . . Peak Influence 213 | . 213 132 . Initial 69 | . . 69 . Average 97 | . 114 56 . Influence Increases 722 | . 659 63 . Destroy 0b10 Robot/C 400 | . 360 40 . Destroy 0b10 Robot/NC 20 | . 20 . . Destroy Leader 104 | . 94 10 . Successful Hack 24 | . 24 . . Select Force Hacks 60 | . 60 . . Disable Machine 45 | . 45 . . Destroy Structure 54 | . 41 13 . Lose Combat Pursuer 15 | . 15 . . Influence Decreases 722 | . 480 242 . Entered New Map 110 | . . 110 . Time Decay 602 | . 470 132 . Lost Part 10 | . 10 . . Squads Dispatched 7 | . 7 . . Investigation 4 | . 4 . . Extermination . | . . . . Reinforcement 3 | . 3 . . Assault . | . . . . Garrison . | . . . . Intercept . | . . . . Searches Triggered . | . . . . Construction Impeded . | . . . . Haulers Reinforced . | . . . . Active Scanning Responses . | . . . . Cargo Convoy Interrupts . | . . . . Stealth | -11 -10 -10 -10 --------- Run | Yrd Mat Min Sub Distress Signals 1 | . 1 . . Communications Jammed . | . . . . Distress Signals . | . . . . Times Spotted 36 | . 28 2 6 Peak Tracking Total 4 | . 4 2 2 Tactical Retreats 1 | . 1 . . Traps | -11 -10 -10 -10 ------- Run | Yrd Mat Min Sub Traps Triggered 4 | . 4 . . Indirectly . | . . . . Trap Hack Attempts . | . . . . Triggered . | . . . . Disarmed . | . . . . Reprogrammed . | . . . . Reused . | . . . . Traps Extracted . | . . . . Installed . | . . . . Triggered . | . . . . Machines | -11 -10 -10 -10 ---------- Run | Yrd Mat Min Sub Machines Disabled 3 | . 3 . . Max in Single Turn 3 | . 3 . . Machines Repaired . | . . . . Machines Dismantled . | . . . . Machines Sabotaged . | . . . . Overloaded Fab Kills . | . . . . Hacking | -11 -10 -10 -10 --------- Run | Yrd Mat Min Sub Machines Accessed 9 | . 9 . . Terminals 6 | . 6 . . Fabricators . | . . . . Repair Stations 1 | . 1 . . Recycling Units 2 | . 2 . . Scanalyzers . | . . . . Garrison Access . | . . . . Total Hacks 25 | . 25 . . Successful 13 | . 13 . . Failed 11 | . 11 . . Catastrophic . | . . . . Database Lockouts 1 | . 1 . . Manual 14 | . 14 . . Terminals 20 | . 20 . . Fabricators . | . . . . Repair Stations 3 | . 3 . . Recycling Units 2 | . 2 . . Scanalyzers . | . . . . Garrison Access . | . . . . Terminal Hacks 7 | . 7 . . Robot Analysis 1 | . 1 . . Prototype ID Bank 3 | . 3 . . Locate Traps 1 | . 1 . . Recall Reinforcements 1 | . 1 . . Hauler Manifests 1 | . 1 . . Fabricator Hacks . | . . . . Repair Station Hacks 2 | . 2 . . Scan Component 1 | . 1 . . Repair 1 | . 1 . . Recycling Unit Hacks . | . . . . Scanalyzer . | . . . . Garrison Access Hacks . | . . . . Unauthorized Hacks 4 | . 4 . . Terminals 2 | . 2 . . Botnet 2 | . 2 . . Fabricators . | . . . . Repair Stations . | . . . . Recycling Units 2 | . 2 . . Tunnel 2 | . 2 . . Scanalyzers . | . . . . Garrison Access . | . . . . Data Cores Recovered . | . . . . Used . | . . . . Hacking Detections 6 | . 6 . . Full Trace Events 1 | . 1 . . Feedback Events . | . . . . Feedback Blocked . | . . . . Robot Schematics Acquired . | . . . . Robots Built . | . . . . Authchips . | . . . . Time . | . . . . Total Robot Build Rating . | . . . . Part Schematics Acquired . | . . . . Parts Built . | . . . . Authchips . | . . . . Time . | . . . . Total Part Build Rating . | . . . . Part Studies Acquired . | . . . . Parts Repaired 1 | . 1 . . Time 26 | . 26 . . Parts Recycled . | . . . . Recycled Matter . | . . . . Retrieved Matter . | . . . . Retrieved Components . | . . . . Parts Scanalyzed . | . . . . Part Schematics Acquired . | . . . . Parts Damaged . | . . . . Bothacking | -11 -10 -10 -10 ------------ Run | Yrd Mat Min Sub Used RIF Installer . | . . . . Robots Hacked . | . . . . Non-combat . | . . . . Combat . | . . . . Robot Hacks Applied . | . . . . Relay Couplers Released . | . . . . Fabnet Peak Effective % . | . . . . Robots Rewired . | . . . . Allies Hacked . | . . . . Hacks Repelled . | . . . . Allies | -11 -10 -10 -10 -------- Run | Yrd Mat Min Sub Total Allies 3 | . . 3 . Largest Group 3 | . . 3 3 Highest-Rated Group 40 | . . 40 40 Highest-Rated Ally 16 | . . 16 16 Total Orders . | . . . . Ally Attacks 15 | . . . 15 Total Damage 172 | . . . 172 Kills 2 | . . . 2 Allies Corrupted . | . . . . Allies Melted . | . . . . Intel | -11 -10 -10 -10 ------- Run | Yrd Mat Min Sub Active Infowar (turns) . | . . . . Robot Analysis Total 1 | . 1 . . Derelict Logs Recovered 1 | . . 1 . Drone Launches . | . . . . Drone Recoveries . | . . . . Exploration | -11 -10 -10 -10 ------------- Run | Yrd Mat Min Sub Turns Passed 2087 | 74 1283 325 405 Spaces Moved 1062 | 44 607 194 217 Core 3 | 3 . . . Treads 1059 | 41 607 194 217 Legs . | . . . . Wheels . | . . . . Hover . | . . . . Flight . | . . . . Fastest Speed 50 | 50 160 160 160 Average Speed 159 | 152 160 160 160 Slowest Speed 240 | 160 240 160 160 Overloaded Moves . | . . . . Propulsion Burnouts . | . . . . Robots Hopped . | . . . . Potential Cave-ins . | . . . . Cave-ins Triggered . | . . . . Exploration Rate (%) 40 | 4 97 43 17 Regions Visited 3 Branch Regions 2 Pre-discovered Areas 2 | . 2 . . Known Exits Taken . | . . . . Unknown Exits Taken 3 | 1 1 1 . Scrap Searched 1 | . . 1 . Spaces Dug . | . . . . Terrain Destroyed 65 | . 48 17 . Melee . | . . . . Projectile . | . . . . AOE 65 | . 48 17 . Terrain Rammed . | . . . . Walls Destroyed . | . . . . Machines Disabled . | . . . . Actions | -11 -10 -10 -10 --------- Run | Yrd Mat Min Sub Total 1274 | 49 773 205 247 Wait 74 | . 64 . 10 Move 1059 | 43 606 193 217 Hop . | . . . . Pick Up 11 | 1 10 . . Fast Attach 11 | 5 6 . . Attach 2 | . . . 2 Detach . | . . . . Swap 13 | . 8 5 . Drop 9 | . 4 4 1 Fire 89 | . 69 3 17 Melee . | . . . . Ram . | . . . . Kick . | . . . . Crush 6 | . 6 . . Escape Stasis . | . . . . Rewire . | . . . . Trap . | . . . . Miscellaneous . | . . . . Route ------- -11/Scrapyard -10/Materials (discovered 6 exits: [*Mat x3] / [*Min x2] / [*Sub]) -10/Mines (discovered 2 exits: [*Mat] / [*Sub]) -10/Subcaves History --------- Turn | Location | Event 2 | -11/Scrapyard | Met Revision 17 6 | -11/Scrapyard | Discovered new exit (range 14) 75 | -11/Scrapyard | Entered Materials 306 | -10/Materials | Build established: Mutant 540 | -10/Materials | Discovered new exit (range 9) 585 | -10/Materials | Discovered new exit (range 4) 670 | -10/Materials | Repaired Lgt. Treads 760 | -10/Materials | Discovered new exit (range 14) 885 | -10/Materials | Discovered new exit (range 12) 889 | -10/Materials | Central database locked down 1005 | -10/Materials | Discovered new exit (range 14) 1144 | -10/Materials | Discovered new exit (range 7) 1358 | -10/Materials | Entered Mines 1361 | -10/Mines | Core integrity fell below 50% 1399 | -10/Mines | Learned Materials machine intel 1472 | -10/Mines | Discovered new exit (range 9) 1504 | -10/Mines | Discovered new exit (range 9) 1608 | -10/Mines | Assisted by bots powering up and referring to "LRC-V3" 1652 | -10/Mines | Build established: Scavenger-Mutant 1683 | -10/Mines | Entered Subcaves 1683 | -10/Subcaves | Accompanied by 3 allies 1684 | -10/Subcaves | Approached by a straggling Scientist 1817 | -10/Subcaves | A swath of the cavern ceiling suddenly collapsed 2053 | -10/Subcaves | Ambushed by Subdwellers from Twisted Machinery 2087 | -10/Subcaves | Core integrity fell below 20% 2088 | -10/Subcaves | Destroyed by 7U-CSW(R) with Subdweller Beam Cannon Last Messages --------------- K2-VJX(c): "I think it's somewhere west of here" 01936_ 94-FLJ(R) suffers critical hit (Burn). K2-VJX(c): "I think it's somewhere west of here" 01940_ 94-FLJ(R) destroyed. 01946_ I2-9AF(R) affixes Scrap Shield Fragment to Scrap Shield. 01946_ I2-9AF(R) suffers critical hit (Burn). 01948_ I2-9AF(R) destroyed. 01951_ Acquired 10 matter. 01953_ Subatomizers dissect the Disposable Heat Sink. K2-VJX(c): "I think it's somewhere west of here" 02053_ EN-Z63(R) emerges from the Twisted Machinery. 02054_ Critical hit (Destroy). 02054_ Lgt. Treads destroyed. 02056_ Trooper 1b destroyed. 02066_ Dropped Med. Storage Unit. 02071_ K2-VJX(c) destroyed. 02077_ Particle Gun destroyed. 02078_ Critical hit (Meltdown: +270). 02080_ Lgt. Treads destroyed. 02085_ Ion Engine destroyed. Map ----- +----------------------------------------------------+ | ????????????????????????????????????????????????? | | ????????????????????????????????????????????????? | | ????????????????????????????????????????????????? | | ????????????????????????????????????????????????? | | ????????????????????????????????????????????????? | | ????????????????????????????????????????????????? | | ????????????????????????????????????????????????? | | ????????????????????????????????????????????????? | | ????????????????????????????????????????????????? | | ????????????????????????????????????????????????? | | ????????????????????????????????????????????????? | | ????????????????????????????????????????????????? | | ????????????????????????????????????????????????? | | ????????????????????????????????????????????????? | | ????????????????????????????????????????????????? | | ???????????????????????????####"????????????????? | | ??????????????????????????# # ""#??????????????? | | ?????????????????????????? #??????????????? | | ?????????????????????????? #??????????????? | | ?????????????????????????? #??????????????? | | ?????????????????????????? #??????????????? | | ??????????????????????????# #??????????????? | | ??????????????????????????# #??????????????? | | ????????????????????????### #???????????????? | | ???????????????????????##;# #???????????????? | | ???????????????????????# @R #???????????????? | | ???????????????????????# R ###?????????????? | | ???????????????????????# #?????????????? | | ???????????????????????## % #?????????????? | | ????????????????????????## #?????????????? | | ?????????????????????????## #?????????????? | | ???##????????#####????????## #?????????????? | | ??## #??????## ###?????### ####?????????????? | | ?## ####?## ####### #????????????????? | | ?# ## ### ## ##????????????????? | | ?# ## ##?????????????????? | | ## #??????????????????? | | # ##?????????????????? | | ?# ## ###???????????????? | | ??# ### ##??????????????? | | ??# ###?## #??????????????? | | ??# ##????# ##??????????????? | | ?## #?????# ## ##???????????????? | | ?# ##????# ### #????????????????? | | ## ##??# #?# #????????????????? | | # #?# #?# ##????????????????? | | #?### ####?# ##?????????????????? | | ##???####???? #??????????????????? | | ## #???????????? #??????????????????? | | #### #??????????? #??????????????????? | +----------------------------------------------------+ Best States ------------- Heat Dissipation 39 Energy Generation 14 Energy Capacity 250 Matter Stores 300 Matter Capacity 300 Sight Range 16 Terrain Scan Density 10 Armor Coverage 150 Evasion (%) 40 Recoil Reduction 2 Item Schematics ----------------- None Robot Schematics ------------------ None Fabricated ------------ Nothing Repaired ---------- Lgt. Treads | 16% | -10/Materials Studied --------- None Alien Tech Used ----------------- None Achievements -------------- None Challenges ------------ None Game ------ Seed ExplosiveExoskeletonMask Manual? 0 Play Time 00:11:50 Cumulative 598.8 hours Start 2026.08.24 @ 19:43:30 End 2026.08.24 @ 19:53:21 Sessions 1 Manual Loads 0 Difficulty Rogue Special Mode None Game No. 255 Rogue 255 Adventurer 0 Explorer 0 Win Type - Total 35 Types 16/4/4/2/1/2/2/2/1/1 Lore% 90 Gallery% 82 Achievement% 77 Wizard Run 0 Options --------- Layout 0 ASCII 0 Keyboard 1 Movement Arrows Keybinds 0 Fullscreen 2 Font 18/Terminus Map View 76x50 Zoom Use 0% Tactical HUD 1 Map Filters BRIGHTNESS(90)|SATURATION(90) Filters NONE Steam 1 RUN: aca9ed82-6794-4f74-b442-e25b29efa6e3